 Dungeon Crawl Stone Soup version 0.27-a0-1189-gb8eb6cee8e (webtiles) character file.

Game seed: 3774340425640987064

217 freelancePsychic the Skirmisher (level 5, -13/34 HPs)
             Began as a Gargoyle Fighter on May 23, 2021.
             Was an Initiate of Makhleb.
             Mangled by an ogre
             ... wielding a +0 giant club
              (22 damage)
             ... on level 4 of the Dungeon.
             The game lasted 00:04:47 (3627 turns).

freelancePsychic the Skirmisher (Gargoyle Fighter)  Turns: 3627, Time: 00:04:48

Health: -13/34     AC: 14    Str: 21    XL:     5   Next: 94%
Magic:  5/5        EV:  5    Int:  8    God:    Makhleb [......]
Gold:   105        SH: 10    Dex: 15    Spells: 4/4 levels left

rFire    . . .     SeeInvis .   a - +0 flail
rCold    . . .     Faith    .   c - +0 kite shield
rNeg     + . .     Spirit   .   e - +0 chain mail
rPois    ∞         Reflect  .   (no helmet)
rElec    +         Harm     .   m - +0 cloak
rCorr    .         Rampage  .   (no gloves)
Will     .....                  (no boots)
Stlth    ..........             (no amulet)
HPRegen  0.11/turn              o - +6 ring of dexterity
MPRegen  0.09/turn              (no ring)

@: no status effects
A: sickness immunity, AC +4, negative energy resistance 1, electricity
resistance, torment resistance 1, petrification resistance
a: Renounce Religion


You were on level 4 of the Dungeon.
You worshipped Makhleb.
Makhleb was noncommittal.
You visited 1 branch of the dungeon, and saw 4 of its levels.

You collected 105 gold pieces.

Inventory:

Hand Weapons
 a - a +0 flail (weapon)
 n - a +2 dagger of venom
Armour
 b - a +0 scale mail
 c - a +0 kite shield (worn)
 e - a +0 chain mail (worn)
 m - a +0 cloak (worn)
Jewellery
 j - a ring of fire
 o - a +6 ring of dexterity (left hand)
 t - an amulet of reflection
Wands
 q - a wand of acid (7)
Scrolls
 f - a scroll of noise {unknown}
 i - a scroll of teleportation {unknown}
 k - a scroll of fear {unknown}
 p - 6 scrolls of vulnerability
 r - a scroll of blinking {unknown}
 s - a scroll of identify {unknown}
Potions
 d - 3 potions of might
 g - a potion of haste {unknown}
 h - a potion of flight {unknown}
 l - a potion of brilliance {unknown}


   Skills:
 + Level 4.4 Fighting
 * Level 4.3 Maces & Flails
 + Level 4.4 Armour
 - Level 3.6 Shields


You had 4 spell levels left.
You didn't know any spells.
Your spell library was empty.

Dungeon Overview and Level Annotations

Branches:
Dungeon (4/15)
 Temple: D:4-7

Altars:
Makhleb
Qazlal

Shops:
D:2 [

Annotations:
D:3 Grinder


Innate Abilities, Weirdness & Mutations

You are immune to sickness and miasma.
Your stone body is resilient. (AC +4)
You are immune to poison.
You resist negative energy. (rN+)
You are resistant to electric shocks. (rElec)
You are resistant to unholy torment.
You are immune to petrification.


Message History

No target in view!
No target in view!
No target in view!
No target in view!
Found 18 stones.
Your phantom dissolves into shadows!
Your orc dissolves into shadows!
An ogre comes into view. It is wielding a +0 giant club.
The ogre shouts!
You see here 18 stones.
Your phantom dissolves into shadows!
The ogre hits you with a +0 giant club!
You hit the ogre but do no damage. The ogre hits you with a +0 giant club.
You are too injured to fight recklessly!
You hit the ogre.
The ogre is lightly wounded.
You block the ogre's attack.
You hit the ogre.
The ogre is moderately wounded.
You block the ogre's attack.
You hit the ogre but do no damage.
The ogre is moderately wounded.
The ogre hits you with a +0 giant club!
Ouch! That really hurt!
* * * LOW HITPOINT WARNING * * *
The kobold shouts!
You see here 18 stones.
The kobold barely misses you.
There is a stone staircase leading down here.
The kobold hits you but does no damage.
The kobold shouts!
You block the kobold's attack.
You closely miss the kobold.
The kobold hits you but does no damage. x2
You sock the kobold!
You kill the kobold!
Makhleb accepts your kill. The kobold hits you but does no damage.
The ogre hits you with a +0 giant club!!
Ouch! That really hurt!
You die...

#......#..........#
#..........#
###..........#
##.#...........##
.#.#...........#
.#......#####..#
'###.....###...#
.###..OK..#....#
.......@8.#[8..#
####...)..#....#
###.....###...#
#......#####..#
#.#...........#
#.#...........# .
#..<....#.###
#.#.#<.......
...###########


You could see an ogre and a kobold.

Vanquished Creatures
  A bullfrog skeleton (D:4)
  3 iron imps (D:3)
  A hound skeleton (D:4)
  4 dart slugs (D:1)
  3 bats
  6 endoplasms
  3 giant cockroaches
  4 goblins
  A hobgoblin (D:1)
  6 jackals
  7 kobolds
  A quokka (D:2)
  A ball python (D:3)
  2 frilled lizards
  11 rats
54 creatures vanquished.

Vanquished Creatures (collateral kills)
  Blork the orc (D:4)
  An endoplasm (D:4)
2 creatures vanquished.

Grand Total: 56 creatures vanquished

Notes
Turn   | Place    | Note
-------+----------+-------------------------------------------
     0 | D:1      | freelancePsychic the Gargoyle Fighter began the quest for
                  | the Orb.
     0 | D:1      | Reached XP level 1. HP: 14/14 MP: 1/1
   331 | D:1      | Reached XP level 2. HP: 10/19 MP: 2/2
  1091 | D:1      | Reached XP level 3. HP: 22/23 MP: 3/3
  1677 | D:2      | Found Zud Igap's Armour Emporium.
  1729 | D:2      | Found a faded altar of an unknown god.
  2325 | D:3      | Noticed Grinder
  2429 | D:3      | Paralysed by Grinder for 6 turns
  2459 | D:3      | Paralysed by Grinder for 2 turns
  2621 | D:3      | Reached XP level 4. HP: 19/29 MP: 4/4
  2622 | D:3      | Found a burning altar of Makhleb.
  2645 | D:3      | Reached XP level 5. HP: 11/33 MP: 5/5
  2877 | D:3      | Found a stormy altar of Qazlal.
  2913 | D:3      | Became a worshipper of Makhleb the Destroyer
  3544 | D:4      | Noticed Blork the orc
  3553 | D:4      | Killed Blork the orc
  3589 | D:4      | Noticed an ogre
  3627 | D:4      | Mangled by an ogre

Illustrated notes

Levels and vault maps discovered:
D:1:      denvon_arrival_planthouse, layout_loops_corners
D:2:      layout_loops_ring, shapermc_ecumenical_altar_notcrosses, serial_shops,
          shop, corexii_corridor_pit, minmay_rat_gold_closets
D:3:      layout_basic, lemuel_doored_altar, demons_altar,
          minmay_stone_trees_small, uniq_grinder
D:4:      layout_basic, kennysheep_mini, corexii_checkpoint_b,
          mrwooster_statue_mirror, uniq_eustachio, uniq_sigmund,
          uniq_blork_the_orc, uniq_menkaure

Skill      XL: |  1  2  3  4  5 |
---------------+----------------+-----
Maces & Flails | 3 4 |  4.3
Fighting       | 4 |  4.4
Armour         | 4 |  4.4
Shields        | |  3.6

Action                   |  1- 3 |  4- 6 || total
-------------------------+-------+-------++-------
Melee: Flail             |   135 |    58 ||   193
  Use: Scroll            |     2 |     1 ||     3
Armor: Chain mail        |    76 |    26 ||   102
Dodge: Dodged            |    24 |     9 ||    33
Block: Kite shield       |    59 |    26 ||    85

Table legend: (Time is in decaauts)
 A = Elapsed time spent in this place.
 B = Non-inter-level travel time spent in this place.
 C = Inter-level travel time spent in this place.
 D = Time resting spent in this place.
 E = Time spent auto-exploring this place.
 F = Levels seen in this place.
 G = Mean time per level.
                   A        B        C        D        E       F      G
               +--------+--------+--------+--------+--------+-----+--------+
         Total |   3723 |   3607 |    116 |    303 |   2690 |   4 |  930.8 |
       Dungeon |   3723 |   3607 |    116 |    303 |   2690 |   4 |  930.8 |
               +--------+--------+--------+--------+--------+-----+--------+

Top non-repeatable levels by time:
     D:1: 1428 daAuts
     D:2: 1142 daAuts
     D:3: 984 daAuts
     D:4: 168 daAuts
